 Dungeon Crawl Stone Soup version 0.26-b1-59-ge38874ec40 (webtiles) character file.

Game seed: 1748850963279871132

210 dolemite99 the Chopper (level 5, 0/44 (45) HPs)
             Began as a Minotaur Fighter on Jan 9, 2021.
             Splashed by an orc priest's acid (10 damage)
             ... on level 2 of the Dungeon.
             The game lasted 00:03:06 (4503 turns).

dolemite99 the Chopper (Minotaur Fighter)           Turns: 4503, Time: 00:03:06

HP:   0/44 (45)     AC:  2    Str: 22    XL:     5   Next: 56%
MP:   4/4           EV:  7    Int:  5    God:
Gold: 175           SH:  9    Dex:  9    Spells: 4/4 levels left

rFire    . . .     SeeInvis .   b - +2 short sword (drain)
rCold    . . .     Faith    .   c - +0 kite shield
rNeg     . . .     Spirit   .   A - +0 scale mail
rPois    .         Reflect  .   (helmet restricted)
rElec    .         Harm     .   (no cloak)
rCorr    .         Rampage  .   (no gloves)
Will     .....                  (no boots)
Stlth    ..........             g - amulet of inaccuracy (curse)
HPRegen  0.14/turn              (no ring)
MPRegen  0.09/turn              (no ring)

@: corroded, lightly drained
A: retaliatory headbutt, horns 2
a: no special abilities


You were on level 2 of the Dungeon.
You visited 1 branch of the dungeon, and saw 3 of its levels.

You collected 175 gold pieces.

Inventory:

Hand Weapons
 a - a +0 war axe
 b - a +2 short sword of draining (weapon)
 v - a cursed -3 whip
Missiles
 f - 93 stones (quivered)
 s - 23 arrows
 x - 5 poisoned darts
 z - 3 silver javelins
Armour
 c - a +0 kite shield (worn)
 y - a +0 tower shield
 A - a +0 scale mail (worn)
Jewellery
 e - an uncursed amulet of faith {unknown}
 g - a cursed amulet of inaccuracy (around neck)
 m - an uncursed ring of poison resistance {unknown}
 t - an uncursed ring of see invisible {unknown}
Scrolls
 h - 2 scrolls of enchant armour {unknown}
 l - a scroll of fear
 n - a scroll of remove curse {unknown}
 p - 2 scrolls of magic mapping
 q - a scroll of immolation {unknown}
 r - 2 scrolls of fog
 u - a scroll of teleportation {unknown}
Potions
 d - 2 potions of curing
 i - 2 potions of haste
 j - a potion of berserk rage {unknown}
 k - 2 potions of attraction {unknown}
 o - a potion of flight {unknown}
 w - a potion of cancellation {unknown}


   Skills:
 - Level 3.6 Fighting
 + Level 7.1 Axes
 - Level 3.6 Armour
 - Level 3.6 Shields


You had 4 spell levels left.
You didn't know any spells.
Your spell library was empty.

Dungeon Overview and Level Annotations

Branches:
Dungeon (3/15)

Altars:
Qazlal
Xom


Innate Abilities, Weirdness & Mutations

You reflexively headbutt those who attack you in melee.
You have a pair of horns on your head.


Message History

The orc hits you but does no damage.
You climb upwards.
There is a stone staircase leading down here.
You hit the orc priest but do no damage.
Your headbutt misses the orc priest.
The orc priest zaps a wand.
The bolt of acid hits you! The acid corrodes you!
You are splashed with acid.
The bolt of acid hits the hobgoblin!
The hobgoblin is splashed with acid.
The hobgoblin dies!
You block the orc's attack. You block the orc priest's attack.
You closely miss the orc priest. Your headbutt misses the orc priest.
You block the orc priest's attack. The orc hits you with a +0 hand axe.
You feel better. The orc hits you with a +0 hand axe.
The orc priest hits you with a +0 club.
You feel better. You block the orc's attack.
The orc priest zaps a wand.
The bolt of acid hits you!
* * * LOW HITPOINT WARNING * * *
You are splashed with acid!
You die...

#####.....#.####.......#### #.#..
...............#.........####.#..
#..>#..........##.....##.##...#..
##.####........#............#####
...####........#.........#.## ##
..)...#.....................####.
........................##....#..
.....#.##...#.#o.o......##.......
.....#.#.......[@.......##.......
.........###.<...[.....###.......
.....##### ##..........# #.......
.....# #..........###.......
.....# #............######..
.....# #..........#.#######.
.....# ############..#......
###### ##........ #........


You could see an orc priest and an orc.

Vanquished Creatures
  An orc priest (D:3)
  Terence (D:2)
  6 adders
  An ooze (D:1)
  3 worms
  4 dart slugs
  A leopard gecko (D:1)
  6 orcs
  A giant cockroach (D:3)
  8 goblins
  9 hobgoblins
  6 jackals
  A quokka (D:3)
  2 bats (D:1)
  5 frilled lizards
  12 kobolds
  A quokka zombie (D:2)
  6 rats (D:1)
74 creatures vanquished.

Vanquished Creatures (others)
  A hobgoblin (D:2)
1 creature vanquished.

Grand Total: 75 creatures vanquished

Notes
Turn   | Place    | Note
-------+----------+-------------------------------------------
     0 | D:1      | dolemite99 the Minotaur Fighter began the quest for the
                  | Orb.
     0 | D:1      | Reached XP level 1. HP: 19/19 MP: 0/0
   151 | D:1      | Reached skill level 3 in Axes
   262 | D:1      | Reached XP level 2. HP: 18/26 MP: 1/1
   764 | D:1      | Reached skill level 4 in Axes
  1007 | D:1      | Reached XP level 3. HP: 31/31 MP: 2/2
  1470 | D:2      | Reached skill level 5 in Axes
  1819 | D:2      | Noticed Terence
  1824 | D:2      | Found a stormy altar of Qazlal.
  1828 | D:2      | Killed Terence
  1829 | D:2      | Reached XP level 4. HP: 23/39 MP: 3/3
  2226 | D:2      | Reached skill level 6 in Axes
  2896 | D:3      | Found a shimmering altar of Xom.
  2916 | D:3      | Reached XP level 5. HP: 27/45 MP: 4/4
  3640 | D:3      | Reached skill level 7 in Axes
  4503 | D:2      | Splashed by an orc priest's acid

Illustrated notes

Levels and vault maps discovered:
D:1:      saegor_arrival_simple_d, layout_basic
D:2:      layout_rooms, lemuel_doored_altar, serial_aquarium,
          aquarium_bridge_square [aquarium_subvault_bridge,
          aquarium_subvault_wall, aquarium_subvault_wall,
          aquarium_subvault_wall], aquarium_window_fake, aquarium_window_2,
          aquarium_view_2g, uniq_terence
D:3:      layout_rooms, nicolae_overflow_crystal_walls, old_standard_altar

Skill      XL: |  1  2  3  4  5 |
---------------+----------------+-----
Axes           | 3 4 5 6 7 |  7.1
Fighting       | |  3.6
Armour         | |  3.6
Shields        | |  3.6

Action                   |  1- 3 |  4- 6 || total
-------------------------+-------+-------++-------
Melee: War axe           |   108 |   124 ||   232
       Headbutt          |    11 |     9 ||    20
       Short sword       |       |     4 ||     4
Throw: Stone             |    49 |    49 ||    98
  Use: Scroll            |     4 |       ||     4
       Potion            |     1 |     3 ||     4
Armor: Scale mail        |    45 |    52 ||    97
Dodge: Dodged            |    45 |    46 ||    91
Block: Kite shield       |    58 |    85 ||   143
